 Dungeon Crawl Stone Soup version 0.30-a0-715-gdb4ae3ece1 (webtiles) character file.

Game seed: 2002204645834290661

7580 KennySheep the Cleaver (level 11, -15/80 HPs)
             Began as a Formicid Fighter on Jan 24, 2023.
             Was an Initiate of Yredelemnul.
             Demolished by a +2 war axe of chaos (20 damage)
             ... on level 9 of the Dungeon.
             The game lasted 00:22:48 (9550 turns).

KennySheep the Cleaver (Formicid Fighter)           Turns: 9550, Time: 00:22:48

Health: -15/80     AC: 13    Str: 44    XL:     11   Next: 39%
Magic:  0/17       EV: 16    Int:  7    God:    Yredelemnul [......]
Gold:   1321       SH:  6    Dex: 13    Spells: 13/13 levels left

rFire   + . .      SeeInvis +    a - +1 war axe (heavy)
rCold   . . .      Faith    .    c - +1 buckler
rNeg    . . .      Spirit   +    M - +3 leather armour {rF+}
rPois   .          Reflect  .    (helmet unavailable)
rElec   +          Harm     .    A - +0 cloak
rCorr   .          Rampage  .    (no gloves)
Will    +....                    i - +0 pair of boots
Stlth   +                        I - amulet "Ocrolit" {Spirit Str+6 Int+2}
HPRegen 0.33/turn                v - +4 ring of protection
MPRegen 0.15/turn                x - ring "Fuevesek" {rElec Str+6}

@: mighty, agile, unable to read
A: permanent stasis, dig shafts and tunnels, antennae 3, four strong arms,
strong 2, wild magic 1, inability to read after injury 1
a: Dig, Shaft Self, Renounce Religion, Recall Undead Harvest


You were on level 9 of the Dungeon.
You worshipped Yredelemnul.
Yredelemnul was aware of your devotion.
You visited 2 branches of the dungeon, and saw 10 of its levels.
You also visited: Sewer.

You collected 1321 gold pieces.

Inventory:

Hand Weapons
 a - a +1 heavy war axe (weapon)
 b - a +1 long sword
Missiles
 J - a throwing net (quivered)
Armour
 c - a +1 buckler (worn)
 i - a +0 pair of boots (worn)
 A - a +0 cloak (worn)
 M - a +3 leather armour of fire resistance (worn)
Jewellery
 l - a ring of ice
 p - a ring of wizardry
 q - a ring of wizardry
 v - a +4 ring of protection (left hand)
 x - the ring "Fuevesek" (right hand) {rElec Str+6}
   (You found it on level 6 of the Dungeon)

   [ring of strength]

   Str:       It affects your strength (+6).
   rElec:     It insulates you from electricity.
 I - the amulet "Ocrolit" (around neck) {Spirit Str+6 Int+2}
   (You found it on level 8 of the Dungeon)

   [amulet of guardian spirit]

   It causes incoming damage to be divided between your reserves of health and
   magic.
   Str:       It affects your strength (+6).
   Int:       It affects your intelligence (+2).
 L - a +5 ring of evasion
Wands
 B - a wand of flame (17)
 D - a wand of roots (8)
 G - a wand of paralysis (7)
Scrolls
 f - 3 scrolls of enchant armour
 g - a scroll of poison
 h - 3 scrolls of amnesia
 j - 2 scrolls of blinking
 k - 4 scrolls of teleportation
 s - a scroll of fear
 w - 2 scrolls of magic mapping
 y - 2 scrolls of identify
 C - 2 scrolls of fog
 E - a scroll of vulnerability {unknown}
 N - 2 scrolls of brand weapon
 O - a scroll of enchant weapon
Potions
 d - 2 potions of brilliance
 e - 2 potions of heal wounds
 m - a potion of mutation
 n - a potion of magic
 o - 6 potions of curing
 r - 2 potions of cancellation {unknown}
 t - a potion of flight
 z - 3 potions of might
 F - 2 potions of invisibility {unknown}
 H - 2 potions of haste {unknown}
 K - a potion of attraction {unknown}
Miscellaneous
 u - a lightning rod (inert)


   Skills:
 - Level 5.5 Fighting
 - Level 6.1 Long Blades
 * Level 12.3 Axes
 - Level 5.4 Armour
 - Level 6.7 Shields
 - Level 1.8 Spellcasting
 + Level 8.1 Invocations


You had 13 spell levels left.
You didn't know any spells.
Your spell library contained the following spells:

 Spells                   Type           Power      Damage    Failure   Level
 Freeze                   Ice            0%         1d3       54%         1
 Sandblast                Erth           0%         2d4       54%         1
 Summon Small Mammal      Summ           0%         N/A       54%         1
 Passwall                 Tmut/Erth      0%         N/A       67%         2
 Call Canine Familiar     Summ           0%         N/A       88%         3
 Portal Projectile        Hex/Tloc       0%         N/A       88%         3
 Stone Arrow              Conj/Erth      0%         3d7       88%         3
 Summon Guardian Golem    Hex/Summ       0%         N/A       88%         3
 Tukima's Dance           Hex            0%         N/A       88%         3
 Ice Form                 Ice/Tmut       0%         N/A       99%         4
 Manifold Assault         Tloc           0%         N/A       99%         4
 Blade Hands              Tmut           0%         N/A       100%        5
 Freezing Cloud           Conj/Ice/Air   0%         6-21      100%        5
 Metabolic Englaciation   Hex/Ice        0%         N/A       100%        5
 Dispersal                Tloc           0%         N/A       100%        6
 Disjunction              Tloc           0%         N/A       100%        8
 Polar Vortex             Ice            0%         N/A       100%        9
 Animate Dead             Necr           Unusable   N/A       N/A         4
 Simulacrum               Ice/Necr       Unusable   N/A       N/A         6

Dungeon Overview and Level Annotations

Branches:
Dungeon (9/15)             Temple (1/1) D:5            Lair (0/5) D:9
  Sewer (visited)
    Orc: D:9-12

Altars:
Ashenzari
Cheibriados
Fedhas
Qazlal
Ru
Uskayaw
Vehumet
Xom
Yredelemnul

Shops:
D:2 (   D:7 *

Annotations:
D:9 pokeman's ghost, novice DEHW


Innate Abilities, Weirdness & Mutations

You cannot be hasted, slowed, berserked, paralysed or teleported.
You can dig through walls and to a lower floor.
You have a pair of large antennae on your head. (SInv)
Your four strong arms can wield two-handed weapons with a shield.
Your muscles are very strong. (Str +8, Int/Dex -2)
Your spells are a little harder to cast, but a little more powerful.
You occasionally lose the ability to read scrolls when taking damage.


Message History

You hit the +2 war axe of chaos but do no damage.
The +2 war axe of chaos is heavily damaged.
You hit the shadow imp. You slice pokeman's ghost!!
The +2 war axe of chaos hits you!!
You feel threatened and lose the ability to read scrolls!
* * * LOW HITPOINT WARNING * * *
You feel agile all of a sudden. The shadow imp barely misses you.
Pokeman's ghost points at you and mumbles some strange words.
The ball explodes into a vile cloud!
The stinking cloud engulfs you but does no damage.
The stinking cloud engulfs the shadow imp but does no damage.
The stinking cloud engulfs the +2 war axe of chaos but does no damage.
The stinking cloud engulfs pokeman's ghost but does no damage.
The +2 war axe of chaos hits you!
* * * LOW HITPOINT WARNING * * *
The +2 war axe of chaos hits your cyclops zombie!
Your cyclops zombie seems to speed up.
The shadow imp barely misses you.
The +2 war axe of chaos attacks as you move away!
The +2 war axe of chaos hits you!
* * * LOW HITPOINT WARNING * * *
You feel very mighty all of a sudden.
The +2 war axe of chaos hits your cyclops zombie!!
Your cyclops zombie is destroyed!
You are engulfed in noxious fumes.
Pokeman's ghost turns its malevolent gaze towards you.
Pokeman's ghost hits you.
* * * LOW HITPOINT WARNING * * *
You cannot read scrolls in your current state!
Unknown command.
Pokeman's ghost gestures at you while chanting.
The ball explodes into a vile cloud!
The stinking cloud engulfs the +2 war axe of chaos but does no damage.
The stinking cloud engulfs the shadow imp but does no damage.
The stinking cloud engulfs pokeman's ghost but does no damage.
The stinking cloud engulfs you but does no damage.
The +2 war axe of chaos hits you!!
You die...
Your body rises from the dead as a mindless zombie.

### #####################.###
#########.....5○☼..#.......##...Z
........'....○☼(@>.'.......+...Z.
Z########....☼W°§..#.......##.###
{....###...........########......
.#####/#...........# ###....
....#._'...........# #Z...
##..##.#...........# ###### #....
.....###...........# #....# #Z...
##..#.###..........# #.##.###..<.
#..#Z.############# #.##........


You could see a +2 war axe of chaos, pokeman's ghost and a shadow imp
(summoned).

Vanquished Creatures
  A two-headed ogre (D:9)
  A cyclops (D:9)
  Joseph (D:7)
  2 trolls (D:9)
  Sigmund (D:5)
  6 yaks (D:8)
  A wraith (D:5)
  A water moccasin (D:9)
  An ice beast (D:8)
  2 sky beasts (D:7)
  3 orc warriors
  4 black bears
  A wolf (D:9)
  An ogre (D:6)
  3 centaurs
  A phantom (D:5)
  4 kobold brigands
  A bullfrog (D:8)
  2 scorpions (D:5)
  Dowan (D:7)
  4 electric eels (D:9)
  A howler monkey (D:5)
  2 jellies
  5 hounds
  Crazy Yiuf (D:6)
  4 orc priests
  A gnoll bouda (D:8)
  2 iguanas (D:4)
  13 orc wizards
  4 adders
  4 gnolls (D:8)
  2 river rats (Sewer)
  A shadow imp (D:8)
  An ufetubus (D:5)
  A worm (D:2)
  2 dart slugs
  26 orcs
  7 ball pythons
  7 endoplasms
  3 giant cockroaches
  10 goblins
  11 hobgoblins
  8 quokkas
  4 bats
  25 kobolds
  14 rats
201 creatures vanquished.

Vanquished Creatures (collateral kills)
  The ghost of testman the Trooper, a novice DsCA of Ignis (D:8)
  The ghost of baller8008 the Cleaver, a novice DrBe of Trog (D:8)
  Duvessa (D:7)
  A kobold brigand (Sewer)
  A necrophage (D:7)
  2 scorpions
  An iguana (D:7)
  2 adders
  A gnoll (D:8)
  A river rat (Sewer)
  An orc (D:4)
  An endoplasm (Sewer)
  3 kobolds
  A ball python (Sewer)
  11 rats (Sewer)
29 creatures vanquished.

Vanquished Creatures (others)
  A wolf (D:9)
  A cyclops zombie (D:9)
  An orc wizard (D:3)
  2 hound zombies (D:9)
  A spectral electric eel (D:9)
  2 ball python zombies (Sewer)
  2 gnoll zombies (D:8)
  8 kobold zombies
  5 orc zombies
  3 rat zombies (Sewer)
  3 fungi (D:6)
  6 withered plants (D:8)
35 creatures vanquished.

Grand Total: 265 creatures vanquished

Notes
Turn   | Place    | Note
-------+----------+-------------------------------------------
     0 | D:1      | KennySheep the Formicid Fighter began the quest for the
                  | Orb.
     0 | D:1      | Reached XP level 1. HP: 18/18 MP: 1/1
   207 | D:1      | Reached XP level 2. HP: 24/24 MP: 2/2
   503 | D:1      | Reached XP level 3. HP: 26/29 MP: 3/3
  1173 | D:2      | Noticed a great orb of eyes
  1176 | D:2      | Found a faded altar of an unknown god.
  1178 | D:2      | Noticed a great orb of eyes
  1178 | D:2      | Noticed a great orb of eyes
  1178 | D:2      | Noticed a floating eye
  1349 | D:2      | Found Digah's Weapon Boutique.
  1624 | D:3      | Reached XP level 4. HP: 29/37 MP: 4/4
  1685 | D:3      | You fall into a shaft and drop 2 floors!
  1685 | D:5      | Entered Level 5 of the Dungeon
  1707 | D:5      | Noticed an orc warrior
  1708 | D:5      | Noticed Sigmund
  1715 | D:5      | Killed an orc warrior
  1716 | D:5      | Reached skill level 5 in Shields
  1716 | D:5      | Reached XP level 5. HP: 31/42 MP: 5/5
  1719 | D:5      | Reached XP level 6. HP: 37/48 MP: 6/6
  1729 | D:5      | Killed Sigmund
  1895 | D:5      | Noticed a black bear
  1897 | D:5      | Found a broken altar of Ashenzari.
  1909 | D:5      | Killed a black bear
  1910 | D:5      | Reached XP level 7. HP: 55/55 MP: 7/7
  1925 | D:5      | Found a staircase to the Ecumenical Temple.
  1962 | Temple   | Entered the Ecumenical Temple
  1975 | Temple   | Became a worshipper of Yredelemnul the Dark
  2020 | D:5      | Found a glowing drain.
  2032 | Sewer    | Entered a sewer
  2118 | Sewer    | Reached * piety under Yredelemnul
  2146 | Sewer    | Reached ** piety under Yredelemnul
  2189 | Sewer    | Reached skill level 5 in Long Blades
  2189 | Sewer    | Reached skill level 1 in Invocations
  2462 | Sewer    | Reached skill level 5 in Fighting
  2462 | Sewer    | Reached skill level 5 in Armour
  2615 | Sewer    | Reached XP level 8. HP: 60/62 MP: 3/9
  3247 | D:5      | Noticed a wraith
  3257 | D:5      | Killed a wraith
  3258 | D:5      | Reached skill level 1 in Spellcasting
  3750 | D:4      | Reached *** piety under Yredelemnul
  5002 | D:5      | Gained mutation: Your muscles are strong. (Str +4, Int/Dex
                  | -1) [potion of mutation]
  5002 | D:5      | Gained mutation: Your spells are a little harder to cast,
                  | but a little more powerful. [potion of mutation]
  5002 | D:5      | Gained mutation: You occasionally lose the ability to read
                  | scrolls when taking damage. [potion of mutation]
  5002 | D:5      | Gained mutation: Your muscles are very strong. (Str +8,
                  | Int/Dex -2) [potion of mutation]
  5378 | D:5      | Reached skill level 1 in Axes
  5390 | D:5      | Reached XP level 9. HP: 68/68 MP: 12/12
  5437 | D:5      | Reached skill level 2 in Axes
  5540 | D:6      | Identified the ring "Fuevesek" {rElec Str+6}
  5575 | D:6      | Identified a scroll of acquirement
  5624 | D:6      | Reached skill level 3 in Axes
  5711 | D:6      | Reached skill level 4 in Axes
  6181 | D:6      | Found a runed translucent door.
  6182 | D:6      | Noticed Crazy Yiuf
  6188 | D:6      | Killed Crazy Yiuf
  6259 | D:7      | Reached skill level 5 in Axes
  6314 | D:7      | Reached skill level 6 in Axes
  6387 | D:7      | Found Xatrapoq's Elemental Accessories.
  6426 | D:7      | Noticed Dowan
  6427 | D:7      | Noticed Duvessa
  6429 | D:7      | Killed Dowan
  6433 | D:7      | Killed Duvessa
  6561 | D:7      | Reached skill level 7 in Axes
  6810 | D:7      | Noticed Joseph
  6824 | D:7      | Killed Joseph
  6825 | D:7      | Reached skill level 8 in Axes
  6825 | D:7      | Reached XP level 10. HP: 67/74 MP: 11/13
  6979 | D:8      | Reached skill level 9 in Axes
  7148 | D:7      | Acquired 822 gold pieces
  7400 | D:8      | Found a runed translucent gate.
  7400 | D:8      | Found a runed translucent gate.
  7403 | D:8      | Found a runed translucent gate.
  7405 | D:8      | Noticed baller8008's ghost (novice DrBe)
  7405 | D:8      | Noticed testman's ghost (novice DsCA)
  7424 | D:8      | Identified the amulet "Ocrolit" {Spirit Str+6 Int+2}
  7614 | D:8      | Reached skill level 5 in Invocations
  7705 | D:8      | Got the Discourse on Hail and Abominable Mysteries
  7940 | D:8      | Reached skill level 10 in Axes
  8066 | D:8      | Found a hide-covered altar of Uskayaw.
  8074 | D:8      | Found a radiant altar of Vehumet.
  8328 | D:8      | Killed testman's ghost
  8338 | D:8      | Killed baller8008's ghost
  8339 | D:8      | Reached skill level 11 in Axes
  8719 | D:9      | Reached XP level 11. HP: 80/80 MP: 14/16
  8744 | D:9      | Found a runed translucent door.
  8744 | D:9      | Found a shimmering altar of Xom.
  8744 | D:9      | Noticed pokeman's ghost (novice DEHW)
  8744 | D:9      | Noticed a +2 war axe of chaos
  8831 | D:9      | Noticed a two-headed ogre
  8844 | D:9      | Killed a two-headed ogre
  8877 | D:9      | Found a stormy altar of Qazlal.
  9064 | D:9      | Reached skill level 12 in Axes
  9071 | D:9      | Found a blossoming altar of Fedhas.
  9095 | D:9      | Noticed a cyclops
  9103 | D:9      | Killed a cyclops
  9194 | D:9      | Found a staircase to the Lair.
  9495 | D:9      | Found a sacrificial altar of Ru.
  9549 | D:9      | HP: 4/80 [pokeman's ghost (3)]
  9550 | D:9      | Demolished by a +2 war axe of chaos

Illustrated notes

Levels and vault maps discovered:
D:1:      amcnicky_arrival_choice, layout_loops_ring
D:2:      layout_loops_corners, serial_shops, nicolae_shop_statue_plus,
          hellmonk_ecumenical_altar_watching_god
D:3:      layout_basic, kennysheep_donut
D:4:      layout_loops_ring
D:5:      layout_basic, mainiacjoe_overflow_surrounded_room,
          minmay_temple_entry_stoned_glass, gup_sewer_entry_bubbles,
          serial_curves, eino_curves_02, eino_curves_01, eino_curves_03,
          uniq_sigmund
D:6:      layout_basic, small_statue_intersection, minmay_tree_intersection,
          uniq_crazy_yiuf_cottage
D:7:      layout_loops_ring, nicolae_elemental_shop, uniq_duvessa, uniq_joseph
D:8:      layout_loops_corners, amethyst_overflow_temple_binary,
          gammafunk_ghost_cemetery
D:9:      layout_basic, mainiacjoe_overflow_concentric_impassable,
          nicolae_qazlal_general_emergency, kennysheep_mini_moat,
          erik_lair_island, ebering_ghost_xom
Temple:   regret_index_temple_waves

Skill      XL: |  1  2  3  4  5  6  7  8  9 10 11 |
---------------+----------------------------------+-----
Long Blades    | 3 4 5 6 |  6.1
Fighting       | 4 5 |  5.5
Armour         | 4 5 |  5.4
Shields        | 5 6 |  6.7
Invocations    | 2 4 6 8 |  8.1
Spellcasting   | 1 |  1.8
Axes           | 1 8 11 12 | 12.3

Action                     |  1- 3 |  4- 6 |  7- 9 | 10-12 || total
---------------------------+-------+-------+-------+-------++-------
  Melee: Long sword        |   105 |    43 |   290 |       ||   438
         War axe           |       |       |    81 |   115 ||   196
  Throw: Dart              |       |       |       |     2 ||     2
 Invoke: Dark Bargain      |       |       |     4 |     2 ||     6
         Recall Undead Har |       |       |     3 |     1 ||     4
  Evoke: Lightning rod     |       |       |       |     4 ||     4
         Wand              |       |       |       |     1 ||     1
    Use: Scroll            |       |     6 |     8 |     3 ||    17
         Potion            |       |     5 |     3 |     2 ||    10
   Stab: Distracted        |       |       |     1 |     2 ||     3
 Armour: Scale mail        |    37 |    16 |   145 |    21 ||   219
         Skin              |       |    11 |     4 |       ||    15
         Leather armour    |       |       |       |    22 ||    22
  Dodge: Dodged            |    36 |     8 |   184 |    58 ||   286
  Block: Buckler           |    25 |    20 |   126 |    39 ||   210

Table legend: (Time is in decaauts)
 A = Elapsed time spent in this place.
 B = Non-inter-level travel time spent in this place.
 C = Inter-level travel time spent in this place.
 D = Time resting spent in this place.
 E = Time spent auto-exploring this place.
 F = Levels seen in this place.
 G = Mean time per level.
                   A        B        C        D        E       F      G
               +--------+--------+--------+--------+--------+-----+--------+
         Total |   9801 |   9356 |    445 |   1084 |   6113 |  11 |  891.0 |
       Dungeon |   8829 |   8384 |    445 |    921 |   5572 |   9 |  981.0 |
        Temple |     26 |     26 |      0 |      0 |      0 |   1 |   26.0 |
         Sewer |    945 |    945 |      0 |    163 |    541 |   1 |  945.0 |
               +--------+--------+--------+--------+--------+-----+--------+

Top non-repeatable levels by time:
     D:8: 1436 daAuts
     D:5: 1223 daAuts
     D:4: 1011 daAuts
     D:7: 983 daAuts
     D:9: 968 daAuts
     D:2: 947 daAuts
   Sewer: 945 daAuts
     D:3: 848 daAuts
     D:6: 755 daAuts
     D:1: 655 daAuts
  Temple: 26 daAuts
